 Dungeon Crawl Stone Soup version 0.27-a0-1228-gfd60fd639a (webtiles) character file.

Game seed: 12946142040279042339

424 sizableburger the Gusty (level 7, -3/46 HPs)
             Began as a Human Air Elementalist on June 8, 2021.
             Was a Follower of the Shining One.
             Slain by a nameless horror (6 damage)
             ... created by miscasting Call Canine Familiar
             ... on level 4 of the Dungeon.
             The game lasted 00:08:23 (3007 turns).

sizableburger the Gusty (Human Air Elementalist)    Turns: 3007, Time: 00:08:24

Health: -3/46      AC:  3    Str:  8      XL:     7   Next: 17%
Magic:  0/12       EV: 12    Int: 18      God:    the Shining One [*.....]
Gold:   132        SH:  0    Dex: 18 (19) Spells: 2/13 levels left

rFire    . . .     SeeInvis .   f - +0 quarterstaff
rCold    . . .     Faith    .   (shield currently unavailable)
rNeg     . . .     Spirit   .   a - +1 robe
rPois    .         Reflect  .   (no helmet)
rElec    .         Harm     .   (no cloak)
rCorr    .         Rampage  .   (no gloves)
Will     .....                  (no boots)
Stlth    +.........             (no amulet)
HPRegen  0.15/turn              h - +6 ring of dexterity
MPRegen  0.13/turn              (no ring)

@: hasted, glowing, very quick
A: no striking features
a: Renounce Religion


You were on level 4 of the Dungeon.
You worshipped the Shining One.
The Shining One was aware of your devotion.
You visited 1 branch of the dungeon, and saw 4 of its levels.

You collected 132 gold pieces.

Inventory:

Hand Weapons
 f - a +0 quarterstaff (weapon)
Missiles
 n - 6 silver javelins
Armour
 a - a +1 robe (worn)
Jewellery
 h - a +6 ring of dexterity (left hand)
 o - a ring of fire
Scrolls
 m - a scroll of brand weapon
Potions
 e - a potion of degeneration
 l - a potion of attraction {unknown}


   Skills:
 - Level 2.0 Dodging
 - Level 2.0 Stealth
 + Level 3.6 Spellcasting
 + Level 3.7 Conjurations
 + Level 2.4 Summonings
 + Level 4.8 Air Magic


You had 2 spell levels left.
You knew the following spells:

 Your Spells              Type           Power      Damage    Failure   Level
a - Shock                 Conj/Air       72%        1d7       2%          1
b - Static Discharge      Conj/Air       18%        N/A       4%          2
c - Swiftness             Air            20%        N/A       6%          3
d - Call Imp              Summ           12%        N/A       9%          2
e - Call Canine Familiar  Summ           12%        N/A       17%         3

Your spell library contained the following spells:

 Spells                   Type           Power      Damage    Failure   Level
 Summon Small Mammal      Summ           48%        N/A       5%          1
 Airstrike                Air            10%        N/A       22%         4
 Summon Guardian Golem    Hex/Summ       7%         N/A       28%         3
 Summon Lightning Spire   Summ/Air       16%        N/A       34%         4
 Lightning Bolt           Conj/Air       9%         1d21      58%         5
 Summon Ice Beast         Ice/Summ       7%         N/A       67%         4


Dungeon Overview and Level Annotations

Branches:
Dungeon (4/15)
 Temple: D:4-7

Altars:
The Shining One

Annotations:
D:3 Jessica


Message History

The giant cockroach closely misses you.
You barely miss the giant cockroach. The giant cockroach barely misses you.
The nameless horror hits you!
You feel your power leaking away.
You completely miss the giant cockroach.
The giant cockroach bites you. The nameless horror closely misses you.
The giant cockroach barely misses you.
As you read the scroll of fear, it crumbles to dust.
You assume a fearsome visage.
The giant cockroach looks frightened! x2
The nameless horror is unaffected.
The nameless horror hits you.
Found 6 gold pieces.
Okay, then.
As you read the scroll of magic mapping, it crumbles to dust.
You feel aware of your surroundings.
The nameless horror hits you but does no damage.
There is a stone staircase leading up here.
Found a stone staircase leading down.
An adder comes into view.
The adder hisses angrily.
You hit the giant cockroach.
The giant cockroach is moderately wounded.
The giant cockroach bites you but does no damage.
The nameless horror barely misses you.
A goblin comes into view. It is wielding a +0 club.
The adder bites you. The giant cockroach bites you.
The nameless horror hits you.
* * * LOW HITPOINT WARNING * * *
You feel your power leaking away.
The goblin shouts!
The giant cockroach bites you.
* * * LOW HITPOINT WARNING * * *
The adder bites you.
* * * LOW HITPOINT WARNING * * *
The nameless horror barely misses you.
It was a potion of haste.
You feel yourself speed up. The giant cockroach barely misses you.
The adder bites you.
* * * LOW HITPOINT WARNING * * *
An adder comes into view.
The nameless horror hits you.
You die...

*..............#...****,*,,,,,,,*
*..########.##.#...,,,,,*,*******
*.,* #.##.#..,*#****,,,,,* *,,*
#..#....,.#*##*****,*** ,,,*
##.#.#.#,.#..^,,,,,,,,,
*,,********#.#.#g#...,..,,,,,,***
,,,**,,,,,,#...#.#.#..#*****,,* *
*,,**,,,,,,##..XSBS...# *,,* *
,,,**,,,,,,+....@#.##.# *,,* *
*,***,,,,,,###.###,#*,* *,,* *
*,* *,,,,,,* #>.,,,,,,******,,***
*,* *,,,,,,**####*,**,,,,,,,,,,,*
,,* *,,,,,,*,,,,,,,,*,,,,,,,,,*,*
*** *****+**,*****,,*,,,,,,,*,*,*
*,**,* *,,*,,,,,*,*,*,* *,**,*
*,,,,***,*,*,*,* *,**,*
*,,,,*,,,,,,,,,*


You could see a nameless horror, 2 adders, a giant cockroach and a goblin.

Vanquished Creatures
  Grinder (D:3)
  Sigmund (D:3)
  Terence (D:2)
  7 ball pythons
  4 endoplasms
  5 goblins
  4 hobgoblins
  11 jackals
  4 kobolds
  3 quokkas (D:1)
  2 bats
  2 frilled lizards (D:2)
  4 rats
49 creatures vanquished.

Notes
Turn   | Place    | Note
-------+----------+-------------------------------------------
     0 | D:1      | sizableburger the Human Air Elementalist began the quest
                  | for the Orb.
     0 | D:1      | Reached XP level 1. HP: 13/13 MP: 3/3
   212 | D:1      | Reached XP level 2. HP: 16/19 MP: 0/5
   640 | D:1      | Learned a level 2 spell: Static Discharge
   868 | D:1      | Reached XP level 3. HP: 24/24 MP: 4/6
  1727 | D:2      | Noticed Terence
  1764 | D:2      | Killed Terence
  1765 | D:2      | Reached XP level 4. HP: 30/30 MP: 3/7
  1929 | D:2      | Found a faded altar of an unknown god.
  1977 | D:2      | Became a worshipper of the Shining One
  1977 | D:2      | Reached * piety under the Shining One
  2232 | D:3      | Noticed Sigmund
  2239 | D:3      | Learned a level 3 spell: Swiftness
  2402 | D:3      | Learned a level 2 spell: Call Imp
  2491 | D:3      | Killed Sigmund
  2492 | D:3      | Reached skill level 1 in Summonings
  2492 | D:3      | Reached skill level 4 in Air Magic
  2492 | D:3      | Reached XP level 5. HP: 21/35 MP: 1/9
  2492 | D:3      | Reached XP level 6. HP: 24/41 MP: 1/10
  2496 | D:3      | Learned a level 3 spell: Call Canine Familiar
  2693 | D:3      | Noticed Grinder
  2719 | D:3      | Killed Grinder
  2720 | D:3      | Reached XP level 7. HP: 33/46 MP: 6/12
  2953 | D:3      | Noticed Jessica
  2954 | D:3      | Noticed a nameless horror
  3007 | D:4      | Slain by a nameless horror

Illustrated notes

Levels and vault maps discovered:
D:1:      lightli_arrival_noodles, layout_rooms
D:2:      layout_rooms, basic_ecumenical_altar, uniq_terence
D:3:      layout_basic, uniq_jessica, uniq_sigmund, uniq_grinder
D:4:      minmay_angry_zag, layout_basic

Skill      XL: |  1  2  3  4  5  6 |
---------------+-------------------+-----
Conjurations   | 2 3 |  3.7
Spellcasting   | 3 |  3.6
Summonings     | 1 2 |  2.4
Air Magic      | 4 |  4.8
Dodging        | |  2.0
Stealth        | |  2.0

Action                   |  1- 3 |  4- 6 |  7- 9 || total
-------------------------+-------+-------+-------++-------
Melee: Unarmed           |     5 |       |       ||     5
       Quarterstaff      |     8 |    12 |     8 ||    28
 Cast: Shock             |    77 |    23 |       ||   100
       Static Discharge  |       |     1 |       ||     1
       Call Canine Famil |       |       |     1 ||     1
  Use: Scroll            |       |     4 |     3 ||     7
       Potion            |       |     3 |     1 ||     4
Armor: Robe              |    10 |     2 |     3 ||    15
Dodge: Dodged            |    29 |    17 |    10 ||    56

Table legend: (Time is in decaauts)
 A = Elapsed time spent in this place.
 B = Non-inter-level travel time spent in this place.
 C = Inter-level travel time spent in this place.
 D = Time resting spent in this place.
 E = Time spent auto-exploring this place.
 F = Levels seen in this place.
 G = Mean time per level.
                   A        B        C        D        E       F      G
               +--------+--------+--------+--------+--------+-----+--------+
         Total |   3015 |   2913 |    102 |    950 |   1434 |   4 |  753.8 |
       Dungeon |   3015 |   2913 |    102 |    950 |   1434 |   4 |  753.8 |
               +--------+--------+--------+--------+--------+-----+--------+

Top non-repeatable levels by time:
     D:1: 1410 daAuts
     D:2: 860 daAuts
     D:3: 703 daAuts
     D:4: 40 daAuts
